 Dungeon Crawl Stone Soup version 0.30-a0-360-g447f08457e (webtiles) character file.

Game seed: 7885322304327508305

16088 arthad the Protected (level 12, -6/72 HPs)
             Began as a Gargoyle Earth Elementalist on Nov 13, 2022.
             Was the Champion of Cheibriados.
             Killed from afar by a gargoyle (18 damage)
             ... with a stone arrow
             ... on level 10 of the Dungeon.
             The game lasted 00:56:36 (12385 turns).

arthad the Protected (Gargoyle Earth Elementalist) Turns: 12385, Time: 00:56:37

Health: -6/72      AC: 40    Str: 26    XL:     12   Next: 33%
Magic:  1/22       EV: 10    Int: 37    God:    Cheibriados [******]
Gold:   1798       SH:  0    Dex: 25    Spells: 6/25 levels left

rFire   . . .      SeeInvis .    h - +0 hand axe (vamp)
rCold   + . .      Faith    .    (no shield)
rNeg    + . .      Spirit   .    q - +18 Lear's hauberk
rPois   ∞          Reflect  .    (helmet currently unavailable)
rElec   +          Harm     .    B - +0 cloak {rC+}
rCorr   .          Rampage  .    (gloves currently unavailable)
Will    .....                    (boots currently unavailable)
Stlth   ..........               I - amulet of the acrobat
HPRegen 0.32/turn                r - ring of wizardry
MPRegen 0.18/turn                n - ring of wizardry

@: very slow
A: sickness immunity, AC +8, negative energy resistance 1, electricity
resistance, torment resistance 1, petrification resistance
a: Renounce Religion, Bend Time, Temporal Distortion, Slouch, Step From Time


You were on level 10 of the Dungeon.
You worshipped Cheibriados.
Cheibriados was exalted by your worship.
You visited 2 branches of the dungeon, and saw 12 of its levels.
You also visited: Bailey and Ice Cave.

You collected 1798 gold pieces.

Inventory:

Hand Weapons
 h - a +0 vampiric hand axe (weapon)
 m - a +0 broad axe of protection
 u - a +2 dagger of venom
 R - a +1 whip of electrocution
Missiles
 j - 16 poisoned darts
 w - 3 throwing nets
 y - 6 javelins
 Z - 15 boomerangs
Armour
 g - an orb of wrath
 p - a +0 helmet
 q - the +18 Lear's hauberk (worn)
   (You took it off an orc on level 3 of the Dungeon)
 s - a +4 chain mail of fire resistance
 x - a +1 scale mail of cold resistance
 B - a +0 cloak of cold resistance (worn)
 E - a +1 pair of boots of flying
 F - a +0 kite shield of cold resistance
 S - a +1 pair of gloves of strength
Jewellery
 a - a ring of magical power
 c - a +4 ring of evasion
 d - a ring of protection from fire
 i - a ring of resist corrosion
 n - a ring of wizardry (right hand)
 r - a ring of wizardry (left hand)
 t - a ring of fire
 C - a +4 ring of protection
 D - a ring of flight
 H - a ring of protection from fire
 I - an amulet of the acrobat (around neck)
 K - a ring of see invisible
 L - a +6 ring of intelligence
 U - a +6 ring of dexterity
 X - a ring of positive energy
Wands
 o - a wand of light (12)
 v - a wand of iceblast (2)
 G - a wand of polymorph (8)
 J - a wand of digging (9)
 T - a wand of flame (22)
 Y - a wand of charming (4)
Scrolls
 e - 4 scrolls of identify
 k - a scroll of amnesia
 l - a scroll of blinking
 z - 2 scrolls of immolation
 N - a scroll of teleportation
 V - a scroll of fog
Potions
 f - 2 potions of cancellation
 A - 4 potions of flight
 M - a potion of curing
 Q - a potion of attraction
 W - 2 potions of mutation
Miscellaneous
 O - a condenser vane


   Skills:
 + Level 7.5 Fighting
 + Level 6.0 Axes
 * Level 10.6 Armour
 - Level 2.0 Dodging
 - Level 2.8 Stealth
 + Level 7.0 Spellcasting
 + Level 7.4 Conjurations
 - Level 1.5 Transmutations
 + Level 9.7 Earth Magic
 + Level 7.0 Invocations


You had 6 spell levels left.
You knew the following spells:

 Your Spells              Type           Power      Damage    Failure   Level
a - Sandblast             Erth           100%       2d20      1%          1
b - Stone Arrow           Conj/Erth      100%       3d13      1%          3
c - Passwall              Tmut/Erth      44%        N/A       1%          2
d - Petrify               Tmut/Erth      53%        N/A       3%          4
e - Lee's Rapid Deconstr  Erth           35%        3d18*     1%          5
f - Animate Armour        Summ/Erth      98%        N/A       5%          4

Your spell library contained the following spells:

 Spells                   Type           Power      Damage    Failure   Level
 Apportation              Tloc           24%        N/A       4%          1
 Necrotise                Necr           48%        1d6       4%          1
 Summon Small Mammal      Summ           48%        N/A       4%          1
 Leda's Liquefaction      Hex/Erth       24%        N/A       5%          4
 Iron Shot                Conj/Erth      33%        9d7       16%         6
 Blade Hands              Tmut           12%        N/A       43%         5
 Alistair's Intoxication  Tmut/Pois      12%        N/A       54%         5
 Statue Form              Tmut/Erth      Unusable   N/A       N/A         6

Dungeon Overview and Level Annotations

Branches:
Dungeon (11/15)            Temple (1/1) D:4            Lair (0/5) D:11
    Orc (0/2) D:9          Bailey (visited)           IceCv (visited)

Altars:
Ashenzari
Cheibriados
Dithmenos
Elyvilon
Fedhas
Gozag
Hepliaklqana
Kikubaaqudgha
Makhleb
Nemelex Xobeh
Okawaru
Qazlal
Ru
Sif Muna
Trog
Uskayaw
Vehumet
Wu Jian
Xom
Yredelemnul
Zin
The Shining One

Annotations:
D:8 1 runed translucent door


Innate Abilities, Weirdness & Mutations

You are immune to sickness and miasma.
Your stone body is resilient. (AC +8)
You are immune to poison.
You resist negative energy. (rN+)
You are resistant to electric shocks. (rElec)
You are resistant to unholy torment.
You are immune to petrification.


Message History

Press: ? - help, Dir - move target A rock wall.
Really fire at your animated chain mail?
The wall shatters!
The blast of rock fragments hits the gargoyle but does no damage.
The blast of rock fragments hits your animated chain mail!!
Your animated chain mail is heavily damaged.
The blast of rock fragments hits Snorg!!
Snorg is almost dead.
Your animated chain mail disappears in a puff of smoke!
Snorg is no longer berserk.
Snorg barely misses you. Snorg claws you but does no damage. x2
Unknown command.
Unknown command.
Casting: Lee's Rapid Deconstruction (dangerous; 1% risk of failure)
Confirm with . or Enter, or press ? or * to list all spells.
Aiming: Stone Arrow (safe; 1% risk of failure)
Press: ? - help, Shift-Dir - straight line The stone arrow hits Snorg!
You kill Snorg!
Cheibriados thoroughly appreciates the change of pace.
The troll leather armour {Snorg} is intact enough to wear.
Your Spellcasting skill increases to level 7!
Your Invocations skill increases to level 7!
Casting: Stone Arrow (safe; 1% risk of failure)
Confirm with . or Enter, or press ? or * to list all spells.
Aiming: Lee's Rapid Deconstruction (dangerous; 1% risk of failure)
Press: ? - help, Dir - move target, f - gargoyle Fragment what (e.g. wall or brittle monster)?: a gargoyle, wielding a +0 morningstar The gargoyle shatters!!
The gargoyle is almost destroyed.
Unknown command.
Aiming: Sandblast (safe; 1% risk of failure)
Press: ? - help, Q - select action, (/) - cycle Shift-Dir - straight line, f/p - gargoyle
Aim: a gargoyle, wielding a +0 morningstar (almost destroyed, 93% to hit)
The blast of sand hits the gargoyle but does no damage.
The gargoyle is almost destroyed.
The gargoyle hurls a stone arrow at you.
The stone arrow hits you!!
You die...

#.# #.# ##### #.#
#...# #.#
#...###.#####
##########...##......#
.............>[......#
#.##.#...#....#9.....#
..##♣♣...♣♣...#.@....#
..# ♣.._..♣...########
..##♣.....♣...#
....♣♣♣♣♣♣♣##.##
#..............#
...............#
#..............#
.#####'#.......# .#
#.#.......#


You could see a gargoyle.

Vanquished Creatures
  Snorg (D:10)
  Harold (D:10)
  3 two-headed ogres
  Pikel (D:8)
  An orc knight (Bailey)
  A manticore (D:11)
  2 ice statues (IceCv)
  An unseen horror (D:10)
  3 rime drakes (IceCv)
  A queen bee (D:8)
  Sigmund (D:5)
  3 wyverns
  17 yaks
  4 wargs (D:9)
  2 water moccasins (D:6)
  11 orc warriors
  4 sky beasts
  A black bear (D:5)
  An ogre (D:6)
  5 centaurs
  3 phantoms
  A kobold brigand (D:10)
  5 bullfrogs
  A necrophage (D:6)
  2 two-headed ogre simulacra (D:11)
  2 gnoll sergeants
  2 scorpions
  5 wights
  10 killer bees
  2 lindwurm simulacra (IceCv)
  6 howler monkeys
  A komodo dragon simulacrum (IceCv)
  5 hounds
  A jelly (D:7)
  A gnoll bouda (D:5)
  6 orc priests
  10 orc wizards
  3 iguanas
  A spriggan simulacrum (D:11)
  2 troll simulacra (D:11)
  Robin (D:2)
  26 gnolls
  6 acid dragon simulacra (IceCv)
  3 adders
  2 shadow imps
  3 white imps
  5 steam dragon simulacra (IceCv)
  3 worms
  A dart slug (D:1)
  35 orcs
  7 endoplasms
  5 giant cockroaches
  17 goblins
  17 hobgoblins
  9 jackals
  3 quokkas
  7 ball pythons
  4 bats
  2 frilled lizards (D:1)
  29 kobolds
  3 rats
321 creatures vanquished.

Vanquished Creatures (collateral kills)
  An ice dragon (IceCv)
  A lindwurm simulacrum (IceCv)
  6 acid dragon simulacra (IceCv)
8 creatures vanquished.

Vanquished Creatures (others)
  A rime drake (IceCv)
  6 plants (D:11)
7 creatures vanquished.

Grand Total: 336 creatures vanquished

Notes
Turn   | Place    | Note
-------+----------+-------------------------------------------
     0 | D:1      | arthad the Gargoyle Earth Elementalist began the quest for
                  | the Orb.
     0 | D:1      | Reached XP level 1. HP: 10/10 MP: 3/3
   378 | D:1      | Reached XP level 2. HP: 15/15 MP: 1/5
   879 | D:1      | Reached skill level 1 in Transmutations
   879 | D:1      | Reached XP level 3. HP: 20/20 MP: 3/6
  1678 | D:2      | Reached XP level 4. HP: 24/24 MP: 4/7
  1682 | D:2      | Learned a level 3 spell: Stone Arrow
  1685 | D:2      | Learned a level 2 spell: Passwall
  1752 | D:2      | Found an ancient bone altar of Kikubaaqudgha.
  2120 | D:2      | Reached skill level 1 in Fighting
  2239 | D:2      | Noticed Robin
  2317 | D:2      | Killed Robin
  2318 | D:2      | Reached skill level 5 in Earth Magic
  2318 | D:2      | Reached XP level 5. HP: 29/29 MP: 4/9
  2792 | D:3      | HP: 1/29 [orc priest/divine providence (12)]
  3197 | D:3      | Reached skill level 1 in Conjurations
  3479 | D:3      | Reached XP level 6. HP: 32/35 MP: 10/10
  3938 | D:4      | Found a staircase to the Ecumenical Temple.
  3949 | Temple   | Entered the Ecumenical Temple
  4130 | Temple   | Became a worshipper of Cheibriados the Contemplative
  4327 | D:4      | Reached skill level 1 in Armour
  4505 | D:4      | Reached skill level 1 in Axes
  4601 | D:4      | Reached skill level 2 in Armour
  4601 | D:4      | Reached XP level 7. HP: 40/40 MP: 10/12
  4657 | D:4      | Found a bloodstained altar of Trog.
  4724 | D:5      | Entered Level 5 of the Dungeon
  4807 | D:5      | Reached skill level 1 in Invocations
  4871 | D:5      | Noticed Sigmund
  4906 | D:5      | Killed Sigmund
  4907 | D:5      | Reached skill level 3 in Armour
  4956 | D:5      | Reached * piety under Cheibriados
  5026 | D:5      | Reached XP level 8. HP: 46/46 MP: 9/13
  5266 | D:5      | Reached skill level 4 in Armour
  5571 | D:6      | Found a shadowy altar of Dithmenos.
  5744 | D:6      | Reached ** piety under Cheibriados
  5939 | D:6      | Reached skill level 5 in Armour
  5939 | D:6      | Reached XP level 9. HP: 52/52 MP: 11/15
  6700 | D:7      | Found a broken altar of Ashenzari.
  6962 | D:8      | Noticed Pikel
  6972 | D:8      | Killed Pikel
  6973 | D:8      | Reached skill level 6 in Armour
  6999 | D:8      | Noticed Maggie
  7146 | D:8      | Maggie changed into Maggie the sky beast
  7146 | D:8      | Noticed Maggie
  7149 | D:8      | Killed Maggie the sky beast
  7149 | D:8      | Reached *** piety under Cheibriados
  7155 | D:8      | Reached skill level 5 in Spellcasting
  7177 | D:8      | Reached skill level 5 in Fighting
  7177 | D:8      | Reached XP level 10. HP: 52/59 MP: 3/17
  7190 | D:8      | Reached skill level 7 in Armour
  7190 | D:8      | Reached skill level 5 in Conjurations
  7313 | D:8      | Noticed a two-headed ogre
  7317 | D:8      | Killed a two-headed ogre
  7318 | D:8      | Noticed Joseph
  7356 | D:8      | Joseph changed into Joseph the queen bee
  7356 | D:8      | Noticed Joseph
  7361 | D:8      | Killed Joseph the queen bee
  7791 | D:8      | Reached skill level 5 in Invocations
  8018 | D:8      | Noticed a centaur warrior
  8018 | D:8      | Noticed a cyclops
  8019 | D:8      | Found a runed translucent door.
  8021 | D:8      | Identified the +10 morningstar of Makhleb's Esteem {flame,
                  | Drain rF+ Dex+2}
  8021 | D:8      | Noticed a skeletal warrior
  8021 | D:8      | Noticed a manticore
  8021 | D:8      | Noticed a death knight
  8021 | D:8      | Noticed a deep elf pyromancer
  8021 | D:8      | Noticed a green ugly thing
  8082 | D:9      | Reached skill level 8 in Armour
  8095 | D:9      | Learned a level 4 spell: Petrify
  8190 | D:9      | Reached **** piety under Cheibriados
  8608 | D:9      | Found a staircase to the Orcish Mines.
  8796 | D:9      | Reached XP level 11. HP: 64/64 MP: 14/19
  9231 | D:10     | Entered Level 10 of the Dungeon
  9238 | D:9      | Reached ***** piety under Cheibriados
  9251 | D:9      | Reached skill level 5 in Axes
  9375 | D:10     | Noticed Harold
  9382 | D:10     | Killed Harold
  9383 | D:10     | Reached skill level 9 in Armour
  9434 | D:10     | Noticed a two-headed ogre
  9441 | D:10     | Killed a two-headed ogre
  9454 | D:10     | Found a flagged portal.
  9532 | Bailey   | Entered a bailey
  9670 | Bailey   | Noticed an orc knight
  9683 | Bailey   | Killed an orc knight
 10043 | D:10     | Identified 2 scrolls of acquirement
 10043 | D:10     | Acquired a book of the Earth
 10051 | D:10     | Learned a level 5 spell: Lee's Rapid Deconstruction
 10181 | D:10     | Noticed a two-headed ogre
 10187 | D:10     | Killed a two-headed ogre
 10777 | D:10     | Acquired a book of Iron
 10879 | D:10     | Found an iron altar of Okawaru.
 11139 | D:11     | Noticed a two-headed ogre
 11217 | D:11     | Found a frozen archway.
 11217 | D:11     | Noticed a manticore
 11222 | D:11     | Killed a manticore
 11229 | D:11     | Reached skill level 10 in Armour
 11375 | IceCv    | Entered an ice cave
 11491 | IceCv    | Learned a level 4 spell: Animate Armour
 11500 | IceCv    | Reached XP level 12. HP: 58/72 MP: 6/22
 11762 | IceCv    | Reached ****** piety under Cheibriados
 11972 | IceCv    | Noticed an ice dragon
 11981 | IceCv    | Killed an ice dragon
 12252 | D:11     | Found a staircase to the Lair.
 12352 | D:11     | Noticed Snorg
 12382 | D:10     | Killed Snorg
 12385 | D:10     | Killed from afar by a gargoyle

Illustrated notes

Levels and vault maps discovered:
D:1:      psy_arrival_conway, layout_basic, minmay_heptomino_d4
D:2:      layout_basic, basic_altar, uniq_robin
D:3:      layout_basic
D:4:      layout_basic, kennysheep_little_box, minmay_temple_entry_sparse_star
D:5:      layout_cave_pools, uniq_sigmund
D:6:      layout_rooms, nicolae_dithmenos_the_darkroom
D:7:      layout_loops_cross, amcnicky_altar_gilded
D:8:      minmay_gate_of_8, layout_layer_cave, st_stairs_2, minmay_circle_x,
          uniq_joseph, uniq_pikel, uniq_maggie
D:9:      layout_roguey, minmay_orc_entry_guard_dogs
D:10:     layout_basic, mainiacjoe_overflow_alcove_1, enter_bailey_7,
          uniq_harold
D:11:     layout_rooms, lair_entry_dummy, portal_ice_cave_entry_ice_simulacra,
          gammafunk_ghost_cemetery, serial_shops, shop, serial_bayou_pond_b,
          uniq_snorg
Temple:   nicolae_temple_bog_church

Skill      XL: |  1  2  3  4  5  6  7  8  9 10 11 12 |
---------------+-------------------------------------+-----
Earth Magic    | 4 5 6 7 8 9 |  9.7
Transmutations | 1 |  1.5
Fighting       | 1 2 3 5 6 7 |  7.5
Spellcasting   | 3 4 5 6 7 |  7.0
Dodging        | 2 |  2.0
Conjurations   | 1 2 3 4 5 7 |  7.4
Armour         | 2 3 5 6 8 10 | 10.6
Axes           | 1 2 3 4 5 6 |  6.0
Invocations    | 1 3 4 5 6 7 |  7.0
Stealth        | |  2.8

Action                   |  1- 3 |  4- 6 |  7- 9 | 10-12 || total
-------------------------+-------+-------+-------+-------++-------
Melee: Hand axe          |       |    98 |   152 |   277 ||   527
       Broad axe         |       |     9 |       |       ||     9
       Punch             |       |     2 |     1 |     5 ||     8
Throw: Dart              |       |       |       |     3 ||     3
 Cast: Sandblast         |    62 |    60 |    89 |   157 ||   368
       Stone Arrow       |       |     3 |    13 |    80 ||    96
       Lee's Rapid Decon |       |       |       |    19 ||    19
       Petrify           |       |       |       |     2 ||     2
       Animate Armour    |       |       |       |     3 ||     3
Invok: Bend Time         |       |       |       |     1 ||     1
       Slouch            |       |       |       |     1 ||     1
Evoke: Wand              |       |     2 |     3 |    10 ||    15
  Use: Potion            |       |     4 |       |     8 ||    12
       Scroll            |       |     3 |       |    16 ||    19
Armor: Robe              |     7 |     4 |       |       ||    11
       Chain mail        |       |    80 |   214 |   510 ||   804
       Skin              |       |    25 |       |       ||    25
Dodge: Dodged            |    10 |    51 |    71 |   298 ||   430

Table legend: (Time is in decaauts)
 A = Elapsed time spent in this place.
 B = Non-inter-level travel time spent in this place.
 C = Inter-level travel time spent in this place.
 D = Time resting spent in this place.
 E = Time spent auto-exploring this place.
 F = Levels seen in this place.
 G = Mean time per level.
                   A        B        C        D        E       F      G
               +--------+--------+--------+--------+--------+-----+--------+
         Total |  15318 |  14953 |    365 |   1800 |  10130 |  14 | 1094.1 |
       Dungeon |  13201 |  12871 |    330 |   1484 |   8993 |  11 | 1200.1 |
        Temple |    205 |    171 |     34 |      0 |    153 |   1 |  205.0 |
        Bailey |    755 |    755 |      0 |      0 |    500 |   1 |  755.0 |
      Ice Cave |   1156 |   1156 |      0 |    316 |    482 |   1 | 1156.0 |
               +--------+--------+--------+--------+--------+-----+--------+

Top non-repeatable levels by time:
    D:10: 1999 daAuts
     D:9: 1611 daAuts
     D:8: 1482 daAuts
     D:2: 1357 daAuts
     D:1: 1346 daAuts
   IceCv: 1156 daAuts
     D:7: 1098 daAuts
     D:4: 1057 daAuts
     D:3: 1027 daAuts
     D:6: 897 daAuts
     D:5: 882 daAuts
  Bailey: 755 daAuts
    D:11: 440 daAuts
  Temple: 205 daAuts
